 Dungeon Crawl Stone Soup version 0.29-a0-872-g797fff5ad1 (webtiles) character file.

171616 orangeInk the Severer (level 17, -1/161 HPs)
             Began as a Minotaur Berserker on Mar 15, 2017.
             Was the Champion of Trog.
             Killed from afar by a nagaraja (7 damage)
             ... with a poison arrow
             ... on level 4 of the Snake Pit on July 18, 2022.
             The game lasted 03:41:49 (38052 turns).

orangeInk the Severer (Minotaur Berserker)         Turns: 38052, Time: 03:41:50

Health: -1/161     AC: 24    Str: 24    XL:     17   Next: 39%
Magic:  16/16      EV: 11    Int:  5    God:    Trog [******]
Gold:   1544       SH: 25    Dex: 19    Spells: 16/16 levels left

rFire   + . .      SeeInvis .   w - +9 broad axe (vamp)
rCold   . . .      Faith    .   P - +0 tower shield
rNeg    . . .      Spirit   .   a - +1 plate armour {rPois}
rPois   +          Reflect  +   (helmet restricted)
rElec   .          Harm     .   L - +1 cloak
rCorr   +          Rampage  .   C - +2 pair of gloves
Will    +....                   (no boots)
Stlth   ..........              I - amulet of Gofappui {Reflect Dex+5 SH+5}
HPRegen 0.36/turn               W - ring of resist corrosion
MPRegen 0.15/turn               O - ring of protection from fire

@: lethally poisoned (-1 -> -18), weakened, constricted
A: horns 2, retaliatory headbutt, MP-powered wands
a: Renounce Religion, Berserk, Trog's Hand, Brothers in Arms


You were on level 4 of the Snake Pit.
You worshipped Trog.
Trog was exalted by your worship.
You visited 6 branches of the dungeon, and saw 29 of its levels.
You visited the Abyss 2 times.
You also visited: Labyrinth.

You collected 2539 gold pieces.
You spent 995 gold pieces at shops.

Inventory:

Hand Weapons
 w - a +9 vampiric broad axe (weapon)
 y - a +4 antimagic executioner's axe
Armour
 a - a +1 plate armour of poison resistance (worn)
 A - a +4 plate armour of positive energy
 C - a +2 pair of gloves (worn)
 L - a +1 cloak (worn)
 P - a +0 tower shield (worn)
Jewellery
 s - a ring of willpower
 I - the amulet of Gofappui (around neck) {Reflect Dex+5 SH+5}
   (You took it off a minotaur in a Labyrinth)

   [amulet of reflection]

   It reflects blocked missile attacks.
   Dex:       It affects your dexterity (+5).
   SH:        It affects your SH (+5).
 O - a ring of protection from fire (right hand)
 W - a ring of resist corrosion (left hand)
Wands
 E - a wand of removedness (10)
 F - a wand of removedness (4)
 N - a wand of flame (25)
 Q - a wand of polymorph (16)
 T - a wand of mindburst (7)
 V - a wand of iceblast (5)
 Z - a wand of paralysis (6)
Scrolls
 b - 5 scrolls of fog
 e - 6 scrolls of enchant weapon
 f - 10 scrolls of identify
 g - a scroll of vulnerability {unknown}
 j - 6 scrolls of immolation
 l - 4 scrolls of magic mapping
 o - a scroll of blinking
 r - 8 scrolls of teleportation
 u - 14 scrolls of removedness
 x - 5 scrolls of fear
 D - 5 scrolls of removedness
 H - 3 scrolls of enchant armour
 S - 2 scrolls of noise {unknown}
 X - 2 scrolls of silence {unknown}
Potions
 c - 6 potions of might
 i - 18 potions of curing
 m - 2 potions of cancellation {unknown}
 p - 4 potions of berserk rage
 q - 2 potions of attraction
 t - 8 potions of resistance
 v - 2 potions of heal wounds
 z - a potion of haste {unknown}
 B - a potion of ambrosia
 G - 3 potions of degeneration {unknown}
 J - a potion of brilliance
 M - 3 potions of flight
Miscellaneous
 k - a phial of floods
 K - a phantom mirror
 R - a removed lamp of fire
 U - a box of beasts
Comestibles
 d - 7 removed foods
 h - 4 removed foods
 n - 12 removed foods


   Skills:
 + Level 17.3 Fighting
 - Level 20.5 Axes
 + Level 16.3 Armour
 + Level 15.3 Dodging
 + Level 15.7 Shields


You had 16 spell levels left.
You didn't know any spells.
Your spell library contained the following spells:

 Spells                   Type           Power      Damage    Failure   Level
 Magic Dart               Conj           0%         1d3       100%        1
 Call Imp                 Summ           0%         N/A       100%        2
 Mephitic Cloud           Conj/Pois/Air  0%         N/A       100%        3


Dungeon Overview and Level Annotations

Branches:
Dungeon (15/15)            Temple (1/1) D:7            Lair (6/6) D:8
 Shoals (0/4) Lair:4        Snake (4/4) Lair:4        Slime (1/5) Lair:6
    Orc (2/2) D:12            Elf (0/3) Orc:2        Vaults (0/5) D:13
 Depths (0/5) D:15

Altars:
Ashenzari
Cheibriados
Dithmenos
Elyvilon
Fedhas
Gozag
Hepliaklqana
Kikubaaqudgha
Makhleb
Nemelex Xobeh
Okawaru
Qazlal
Ru
Sif Muna
Trog
Uskayaw
Vehumet
Wu Jian
Xom
Yredelemnul
Zin
The Shining One
Jiyva

Shops:
D:5 (   D:6 *?*x   D:9 *   D:12 (   Orc:2 *[(*=   Snake:1 x**x   Snake:3 x!


Innate Abilities, Weirdness & Mutations

You have a pair of horns on your head.
You reflexively headbutt those who attack you in melee.
You expend magic power (3 MP) to strengthen your wands.


Message History

* * * LOW HITPOINT WARNING * * *
The nagaraja constricts you.
* * * LOW HITPOINT WARNING * * *
The nagaraja spits poison at you. The splash of poison hits you. You resist.
* * * LOW HITPOINT WARNING * * *
You block the shock serpent's attack.
The naga sharpshooter casts a spell.
The naga sharpshooter magically shoots an arrow.
You reflect the arrow off an invisible shield around you!
You hear a shout!
You closely miss the shock serpent.
The shock serpent is moderately wounded.
You hit the nagaraja.
You feel better.
You barely miss the nagaraja. You slash the salamander tyrant!
You feel better.
* * * LOW HITPOINT WARNING * * *
You feel very sick.
The nagaraja no longer looks unusually strong.
You block the nagaraja's attack. The nagaraja loses its grip on you.
You block the shock serpent's attack.
The salamander tyrant hits you but does no damage.
The nagaraja gestures wildly while chanting.
The nagaraja seems to speed up.
You block the nagaraja's attack. x2
The shock serpent bites you but does no damage.
You slash the shock serpent! Your headbutt misses the shock serpent.
The shock serpent is heavily wounded.
You slash the nagaraja!
You feel better.
You hit the nagaraja but do no damage. You closely miss the naga warrior.
You barely miss the salamander tyrant.
The shock serpent's electric aura discharges, shocking you!
* * * LOW HITPOINT WARNING * * *
x2 You feel very sick.
You block the nagaraja's attack. The nagaraja grabs you.
The nagaraja constricts you.
* * * LOW HITPOINT WARNING * * *
The salamander tyrant hits you but does no damage.
The nagaraja casts a spell at you. The poison arrow hits you!
You are more poisoned.
You partially resist.
You die...

...###
......#
.......##
#.....#
#...##
#.)..#
##...#
#N))#
#N@)#


#NNS# #N..## #NN..# #....## .N...# .N...# ...?# You could see 3 nagarajas, a
naga warrior (strong), 3 naga sharpshooters, a salamander tyrant (fast), a
salamander mystic and a shock serpent.

Vanquished Creatures
  Kirke (Lair:4)
  A frost giant (D:14)
  An orc warlord (Orc:1)
  Aizul (Snake:2)
  Louise (Snake:1)
  A draconian stormcaller (Abyss:2)
  A very ugly thing (Abyss:2)
  A stone giant (Orc:2)
  A vampire knight (D:14)
  A nagaraja (Snake:4)
  Azrael (D:14)
  A minotaur (Lab)
  A fire dragon (D:14)
  Snorg (Lair:6)
  A deep elf high priest (D:14)
  6 naga warriors
  2 vault guards (D:13)
  8 hydras
  3 catoblepae (Lair:6)
  6 anacondas
  A rakshasa (D:15)
  5 centaur warriors
  An anaconda (shapeshifter) (D:14)
  11 death yaks
  A tengu warrior (D:14)
  6 two-headed ogres
  6 naga sharpshooters
  6 shock serpents
  4 orc high priests (Orc:2)
  3 large abominations (Abyss:2)
  The ghost of Eptagon the Spear-Bearer, a novice MfAK of Lugonu (D:7)
  A deep elf knight (Orc:2)
  3 salamander mystics
  A spatial maelstrom (Abyss:2)
  2 wizards
  4 wretched stars (Abyss:2)
  2 unseen horrors
  A glowing orange brain (D:15)
  9 sea snakes (Snake:3)
  4 naga ritualists
  7 orc knights
  A lindwurm (Lair:6)
  The ghost of Nakatomy the Transmogrifier, a novice DrTm of Makhleb (D:6)
  A deep elf pyromancer (D:14)
  6 ugly things
  3 orc sorcerers
  4 cyclopes
  13 mana vipers
  4 manticores
  2 worldbinders (Abyss:2)
  11 salamanders
  An elephant (shapeshifter) (D:14)
  22 black mambas
  20 naga magi
  A guardian serpent (shapeshifter) (D:15)
  5 guardian serpents
  7 elephants (Lair:3)
  A merfolk siren (Lair:4)
  12 cane toads
  A smoke demon (Abyss:2)
  3 gargoyles
  A rime drake (Lair:5)
  A freezing wraith (D:15)
  6 centaur skeletons
  An efreet (D:14)
  3 komodo dragons
  9 trolls
  2 polar bears
  A blink frog (shapeshifter) (D:14)
  13 blink frogs
  11 dream sheep
  9 slime creatures
  14 removed hippogriffs
  A spriggan (shapeshifter) (D:15)
  A wraith (D:12)
  A ynoxinul (Abyss:2)
  5 fire elementals (D:14)
  3 wyverns
  64 yaks
  A golden eye (shapeshifter) (D:15)
  2 wyverns (shapeshifter) (D:14)
  Eustachio (D:6)
  3 basilisks
  7 hogs
  A fire bat (shapeshifter) (D:15)
  A human (D:7)
  A neqoxec (Abyss:2)
  2 removed hungry ghosts
  2 wargs (Orc:1)
  6 two-headed ogre zombies (Orc:1)
  39 nagas
  4 acid dragons
  A spatial vortex (Abyss:2)
  10 water moccasins
  6 removed porcupines
  3 hell hounds (D:14)
  34 orc warriors
  2 removed eyes of draining (D:14)
  6 sky beasts
  3 ice beasts
  4 black bears
  3 necrophages
  2 phantoms
  24 wolves
  19 ogres
  11 centaurs
  11 removed crocodiles
  6 kobold brigands
  Blork the orc (D:6)
  23 bullfrogs
  3 gnoll sergeants (D:12)
  8 scorpions
  A killer bee (D:7)
  3 electric eels (Snake:3)
  6 wights
  4 howler monkeys
  13 crimson imps
  2 centaur zombies
  2 starcursed masses (Snake:1)
  A quasit (Abyss:2)
  10 hounds
  6 jellies
  10 orc priests
  Crazy Yiuf (D:6)
  18 orc wizards
  A bullfrog skeleton (D:6)
  Natasha (thrice) (D:2)
  16 removed worker ants
  3 small abominations (Abyss:2)
  A hound zombie (D:7)
  A mummy (D:6)
  8 gnolls
  A howler monkey skeleton (D:6)
  14 adders
  4 shadow imps
  A white imp (Abyss:2)
  An ufetubus (Abyss:2)
  An adder skeleton (D:9)
  4 worms
  3 dart slugs
  59 orcs
  4 removed leopard geckos
  7 ball pythons
  7 giant cockroaches
  7 goblins
  11 hobgoblins
  6 jackals
  37 kobolds
  4 quokkas
  9 bats
  4 frilled lizards
  A jackal skeleton (D:6)
  3 quokka skeletons
  3 rats
  2 removed leopard gecko zombies
  A bush (D:6)
  5 fungi
  6 plants
949 creatures vanquished.

Vanquished Creatures (collateral kills)
  2 hydras
  A removed worker ant (D:10)
3 creatures vanquished.

Vanquished Creatures (others)
  A centaur warrior (D:14)
  A naga sharpshooter (Snake:1)
  2 deep elf archers (D:13)
  A deep elf pyromancer (D:15)
  A salamander (Snake:3)
  A golden eye (Abyss:2)
  An orc warrior (Orc:2)
  3 centaurs
  A removed leopard gecko (D:2)
  8 fungi
  6 plants
26 creatures vanquished.

Grand Total: 978 creatures vanquished

Notes
Turn   | Place    | Note
-------+----------+-------------------------------------------
     0 | D:1      | orangeInk the Minotaur Berserker began the quest for the
                  | Orb.
     0 | D:1      | Reached XP level 1. HP: 19/19 MP: 0/0
   233 | D:1      | Reached XP level 2. HP: 27/27 MP: 1/1
   546 | D:1      | Reached XP level 3. HP: 33/33 MP: 2/2
   577 | D:1      | Reached ** piety under Trog
   689 | D:1      | Reached skill level 4 in Axes
  1097 | D:2      | Noticed Natasha
  1106 | D:2      | Killed Natasha
  1106 | D:2      | Reached XP level 4. HP: 41/41 MP: 3/3
  1851 | D:2      | Noticed Natasha
  1865 | D:2      | Killed Natasha
  1971 | D:2      | Noticed Natasha
  1977 | D:2      | Killed Natasha
  1977 | D:2      | Reached XP level 5. HP: 47/47 MP: 4/4
  2369 | D:3      | Reached skill level 5 in Fighting
  2692 | D:4      | Reached *** piety under Trog
  2784 | D:4      | Reached skill level 5 in Axes
  2875 | D:4      | Noticed a phantom
  2962 | D:4      | Killed a phantom
  2962 | D:4      | Reached XP level 6. HP: 49/56 MP: 5/5
  3158 | D:4      | Reached skill level 6 in Axes
  3398 | D:4      | Reached XP level 7. HP: 48/61 MP: 6/6
  3630 | D:5      | Entered Level 5 of the Dungeon
  3693 | D:5      | Reached skill level 5 in Armour
  3827 | D:5      | Reached skill level 7 in Axes
  3864 | D:5      | Found Recah's Antique Weapon Shop.
  4134 | D:5      | Found an opulent altar of Gozag.
  4252 | D:5      | Reached XP level 8. HP: 57/71 MP: 7/7
  4403 | D:5      | Reached skill level 5 in Dodging
  4645 | D:5      | Bought a runed broad axe for 189 gold pieces
  4679 | D:6      | Noticed Nakatomy's ghost (novice DrTm)
  4687 | D:6      | Killed Nakatomy's ghost
  4687 | D:6      | Reached skill level 8 in Axes
  4780 | D:6      | Found Tuelyfel's Food Shop.
  4802 | D:6      | Noticed Blork the orc
  4810 | D:6      | Killed Blork the orc
  4810 | D:6      | Reached skill level 9 in Axes
  4889 | D:6      | Noticed Eustachio
  4917 | D:6      | Killed Eustachio
  4991 | D:6      | Found Oclui's Assorted Antiques.
  5013 | D:6      | Found a sacrificial altar of Ru.
  5087 | D:6      | Reached XP level 9. HP: 71/79 MP: 8/8
  5135 | D:6      | Found a bloodstained altar of Trog.
  5273 | D:6      | Reached **** piety under Trog
  5293 | D:6      | Found Nanah's General Store.
  5433 | D:6      | Found Fuugur's Magic Scroll Shoppe.
  5672 | D:6      | Found a runed door.
  5676 | D:6      | Noticed Crazy Yiuf
  5681 | D:6      | Killed Crazy Yiuf
  5893 | D:7      | Got a polished scythe
  5932 | D:7      | Reached skill level 1 in Shields
  6038 | D:7      | Reached skill level 10 in Axes
  6051 | D:7      | Found a sparkling altar of Nemelex Xobeh.
  7359 | D:7      | Found a staircase to the Ecumenical Temple.
  7390 | Temple   | Entered the Ecumenical Temple
  7787 | D:7      | Noticed Eptagon's ghost (novice MfAK)
  7817 | D:7      | Reached skill level 11 in Axes
  7823 | D:7      | Killed Eptagon's ghost
  7823 | D:7      | Reached XP level 10. HP: 90/90 MP: 9/9
  8651 | D:8      | Found a staircase to the Lair.
  9008 | D:8      | Found a white marble altar of Elyvilon.
  9351 | D:8      | Reached skill level 12 in Axes
  9585 | D:9      | Reached ***** piety under Trog
  9666 | D:9      | Found a shadowy altar of Dithmenos.
  9756 | D:9      | Found a deep blue altar of Sif Muna.
  9791 | D:9      | Reached skill level 5 in Shields
  9967 | D:9      | Found Giroetuj's Serpentskin Sales.
 10400 | D:10     | Entered Level 10 of the Dungeon
 10444 | D:10     | Noticed a two-headed ogre
 10455 | D:10     | Killed a two-headed ogre
 10707 | D:10     | Noticed a five-headed hydra
 10720 | D:10     | Killed an eight-headed hydra
 10720 | D:10     | Reached XP level 11. HP: 73/99 MP: 10/10
 11040 | D:10     | Found a burning altar of Makhleb.
 11300 | D:10     | Noticed a two-headed ogre
 11309 | D:10     | Killed a two-headed ogre
 11309 | D:10     | Reached skill level 10 in Fighting
 11504 | D:10     | Noticed a two-headed ogre
 11515 | D:10     | Killed a two-headed ogre
 11677 | D:10     | Reached skill level 13 in Axes
 12458 | D:11     | Killed an unseen horror
 12458 | D:11     | Reached skill level 10 in Armour
 13070 | D:12     | Reached XP level 12. HP: 89/108 MP: 11/11
 13081 | D:12     | Found a staircase to the Orcish Mines.
 13082 | D:12     | Received a gift from Trog
 13085 | D:12     | Reached skill level 14 in Axes
 13633 | D:12     | Found Acluin's Weapon Shop.
 13979 | Lair:1   | Entered Level 1 of the Lair of Beasts
 15227 | Lair:2   | Got a crude golden ring
 15391 | Lair:2   | Reached skill level 10 in Dodging
 15863 | Lair:3   | Found a labyrinth entrance.
 15872 | Lab      | Entered a Labyrinth
 16676 | Lab      | Noticed a minotaur
 16685 | Lab      | Killed a minotaur
 16685 | Lab      | Reached skill level 15 in Axes
 16734 | Lab      | Got a coiled garnet amulet
 16846 | Lair:3   | Noticed a five-headed hydra
 16855 | Lair:3   | Killed a seven-headed hydra
 17090 | Lair:3   | Reached XP level 13. HP: 117/117 MP: 12/12
 17504 | Lair:3   | Received a gift from Trog
 18083 | Lair:4   | Found a staircase to the Snake Pit.
 18317 | Lair:4   | Noticed Kirke
 18913 | Lair:4   | Killed Kirke
 19458 | Lair:4   | Found a staircase to the Shoals.
 19539 | Lair:5   | Reached skill level 16 in Axes
 19635 | Lair:5   | Reached skill level 10 in Shields
 19884 | Lair:5   | Received a gift from Trog
 19893 | Lair:5   | Identified the ring of Eternal Night {*Tele +Inv rPois
                  | MP-9} (You found it on level 2 of the Lair of Beasts)
 19983 | Lair:5   | Identified the amulet of Gofappui {Reflect Dex+5 SH+2} (You
                  | took it off a minotaur in a labyrinth)
 20789 | Lair:6   | Entered Level 6 of the Lair of Beasts
 21178 | Lair:6   | Reached XP level 14. HP: 102/127 MP: 13/13
 21714 | Lair:6   | Reached skill level 17 in Axes
 22092 | Lair:6   | Found a viscous altar of Jiyva.
 22130 | Lair:6   | Found a staircase to the Slime Pits.
 22557 | Lair:6   | Noticed Snorg
 22573 | Lair:6   | Killed Snorg
 23514 | Slime:1  | Entered Level 1 of the Pits of Slime
 23516 | Slime:1  | Gained mutation: You expend magic power (3 MP) to
                  | strengthen your wands. [a shining eye]
 23517 | Slime:1  | Noticed an acid blob
 23678 | Lair:6   | Upgraded the game from 0.20-a0-876-g2c7b0bf to
                  | 0.20-a0-901-g27f6fa8
 23937 | Orc:1    | Entered Level 1 of the Orcish Mines
 24004 | Orc:2    | Entered Level 2 of the Orcish Mines
 24008 | Orc:2    | Noticed an orc warlord
 24092 | Orc:1    | Killed an orc warlord
 24419 | Orc:2    | Found Tamoe's Antique Armour Emporium.
 24441 | Orc:2    | Bought a runed plate armour for 806 gold pieces
 24511 | Orc:2    | Found a staircase to the Elven Halls.
 24550 | Orc:2    | Received a gift from Trog
 24754 | Orc:2    | Found Poaqatoh's Jewellery Shoppe.
 25168 | Orc:2    | Paralysed by an orc sorcerer for 5 turns
 25191 | Orc:2    | Reached skill level 18 in Axes
 25493 | Orc:2    | Found Hyups's General Store.
 25494 | Orc:2    | Found Qexzyq's Antique Weapon Shoppe.
 25576 | Orc:2    | Found Eneug's General Store.
 26001 | Orc:2    | Noticed a stone giant
 26018 | Orc:2    | Killed a stone giant
 26018 | Orc:2    | Reached XP level 15. HP: 83/137 MP: 14/14
 28245 | D:13     | Received a gift from Trog
 28798 | D:13     | Found a gate to the Vaults.
 28981 | D:14     | Noticed Azrael
 28994 | D:14     | Killed Azrael
 29371 | D:14     | Noticed a frost giant
 29372 | D:14     | Cast into level 2 of the Abyss (a wizard)
 29492 | D:14     | Escaped the Abyss
 29513 | D:14     | Killed a frost giant
 29765 | D:14     | Reached skill level 19 in Axes
 30582 | D:15     | Entered Level 15 of the Dungeon
 30649 | D:15     | Reached ****** piety under Trog
 30677 | D:15     | Received a gift from Trog
 31436 | D:15     | Reached XP level 16. HP: 120/147 MP: 15/15
 31448 | D:15     | Found a staircase to the Depths.
 32131 | Snake:1  | Entered Level 1 of the Snake Pit
 32131 | Snake:1  | Found Pasecem's Gadget Emporium.
 32279 | Snake:1  | Found Muhegid's Gadget Emporium.
 32424 | Snake:1  | Reached skill level 15 in Fighting
 33090 | Snake:1  | Found Toon's Assorted Antiques.
 33484 | Snake:1  | Received a gift from Trog
 33583 | Snake:1  | Found Xash's Assorted Antiques.
 33823 | Snake:2  | Noticed Louise
 34287 | Snake:2  | Cast into level 2 of the Abyss (Louise)
 34742 | Abyss:2  | Noticed a lich
 34837 | Snake:2  | Escaped the Abyss
 34848 | Snake:1  | Killed Louise
 35174 | Snake:2  | Noticed Aizul
 35193 | Snake:2  | Killed Aizul
 35809 | Snake:2  | Received a gift from Trog
 35809 | Snake:2  | Reached skill level 15 in Armour
 36346 | Snake:3  | Reached skill level 20 in Axes
 36346 | Snake:3  | Reached skill level 15 in Shields
 36394 | Snake:3  | Reached XP level 17. HP: 160/160 MP: 16/16
 36575 | Snake:3  | Found Woopoamp's Removed Food Shoppe.
 36627 | Snake:3  | Reached skill level 15 in Dodging
 36737 | Snake:3  | Received a gift from Trog
 37437 | Snake:3  | Found Xoamiawn's Distillery.
 38022 | Snake:4  | Entered Level 4 of the Snake Pit
 38049 | Snake:4  | HP: 5/161 [constriction (4)]
 38052 | Snake:4  | Killed from afar by a nagaraja

Illustrated notes

Levels and vault maps discovered:
D:1:      saegor_arrival_simple_c
D:2:      lexackson_kobold_supper, uniq_natasha
D:4:      first_bread
D:5:      serial_shops, nicolae_shop_temple_entry_statues_fountains,
          st_stairs_10, minmay_misc_feat_square, minmay_crystal_room,
          minmay_misc_feat_four_crosses, grunt_gozag_breadcrumbs
D:6:      lemuel_round_altar, trog_ov_bears_minmay, gup_ossuary_entry_pyramid,
          serial_shops, shop_fountains, nicolae_shop_stone,
          nicolae_shop_behind_doors, shop, uniq_crazy_yiuf_cottage,
          uniq_eustachio, uniq_blork_the_orc
D:7:      marbit_many_paths, minmay_temple_entry_statues_pillars,
          grunt_livestock
D:8:      elyvilon_altar_3, lair_entry_dummy
D:9:      kennysheep_little_box, kennysheep_mini_moat,
          minmay_misc_feat_more_columns, st_stairs_9, guppyfry_shop_venom
D:10:     basic_altar, lightli_fourway_metalbox
D:11:     st_stairs_3
D:12:     kennysheep_orc_monster_closet_entryway, serial_shops,
          nicolae_shop_statue_plus, nicolae_sextant
D:13:     grunt_vaults_entry_fortified
D:14:     minmay_tile_spiral, uniq_azrael
D:15:     gammafunk_enter_depths_forms, minmay_misc_feat_encased, wad_dig_loot
Temple:   regret_index_temple_sphere_string
Lair:2:   serial_bayou_lagoon_a
Lair:3:   lab_entry_generic, beast_lair_carwin_6, lemuel_fruit_tree
Lair:4:   minmay_shoals_entry_lonely_mermaid, guppyfry_snake_entry_island,
          uniq_kirke
Lair:6:   evilmike_catoblepas_cave, slime_altar_1, uniq_snorg
Snake:1:  serial_shops, nicolae_shop_behind_doors, shop,
          nicolae_shop_waterfront, nicolae_shop_competitors_out_of_business,
          st_stairs_5, grunt_megastairs_4
Snake:2:  grunt_megastairs_3, uniq_aizul, uniq_louise
Snake:3:  serial_shops, nicolae_shop_crystal, nicolae_shop_crystal
Snake:4:  grunt_snake_rune_spirals, layout_onion, basic_altar, serial_shops,
          nicolae_shop_statue_plus, nicolae_shop_hallway_plus, shop, uniq_nikola
Slime:1:  cheibrodos_slime_lost_civilization_7
Orc:1:    lemuel_ogre_cave
Orc:2:    grunt_orc_gardens, grunt_orc_garden, grunt_orc_garden,
          grunt_orc_garden, grunt_orc_garden, serial_shops, shop_statue,
          nicolae_orc_damp_corner

Skill      XL: |  1  2  3  4  5  6  7  8  9 10 11 12 13 14 15 16 17 |
---------------+----------------------------------------------------+-----
Armour         | 3 4 5 6 7 9 10 11 12 13 14 15 16 | 16.3
Fighting       | 4 5 6 7 8 9 10 11 12 13 14 16 17 | 17.3
Axes           | 4 5 6 7 9 11 12 13 15 16 18 19 20 | 20.5
Dodging        | 3 4 6 7 8 9 10 11 12 13 14 15 | 15.3
Shields        | 3 5 7 9 10 11 12 15 | 15.7

Action                   |  1- 3 |  4- 6 |  7- 9 | 10-12 | 13-15 | 16-18 || total
-------------------------+-------+-------+-------+-------+-------+-------++-------
Melee: Hand axe          |    85 |   154 |    64 |       |       |       ||   303
       Headbutt          |    14 |    30 |    57 |   167 |   419 |   194 ||   881
       Broad axe         |       |       |   182 |   659 |  1177 |   644 ||  2662
       Unarmed           |       |       |       |       |     2 |       ||     2
Throw: Throwing net      |       |       |       |       |       |     1 ||     1
Invok: Trog's Hand       |     1 |     2 |     3 |     7 |    11 |     5 ||    29
       Brothers in Arms  |     1 |     2 |       |       |     3 |     3 ||     9
       Berserk           |       |       |     1 |     1 |     7 |     1 ||    10
       No ability        |       |       |       |     2 |       |       ||     2
  Use: Scroll            |     1 |     4 |     2 |    15 |     4 |       ||    26
       Potion            |       |       |       |       |     4 |     1 ||     5
 Stab: Distracted        |       |       |       |       |       |     1 ||     1
  Eat: Removed food      |     1 |     6 |     9 |    28 |    42 |     3 ||    89
       Removed food      |       |     1 |       |       |       |     5 ||     6
       Removed food      |       |       |     2 |     4 |     7 |       ||    13
       Removed food      |       |       |     1 |       |       |       ||     1
       Removed food      |       |       |       |       |     9 |       ||     9
Armor: Animal skin       |    12 |       |       |       |       |       ||    12
       Ring mail         |    18 |    33 |    38 |       |       |       ||    89
       Plate armour      |       |       |    20 |   252 |   325 |   140 ||   737
Dodge: Dodged            |    57 |    72 |    76 |   163 |   289 |   192 ||   849
Block: Kite shield       |       |       |    87 |    75 |       |       ||   162
       Tower shield      |       |       |       |   416 |   977 |   676 ||  2069
       Reflection        |       |       |       |       |    68 |   104 ||   172

Table legend: (Time is in decaauts)
 A = Elapsed time spent in this place.
 B = Non-inter-level travel time spent in this place.
 C = Inter-level travel time spent in this place.
 D = Time resting spent in this place.
 E = Time spent auto-exploring this place.
 F = Levels seen in this place.
 G = Mean time per level.
                   A        B        C        D        E       F      G
               +--------+--------+--------+--------+--------+-----+--------+
         Total |  11378 |  11280 |     98 |    563 |   1619 |  32 |  355.6 |
       Dungeon |   4758 |   4728 |     30 |    258 |    477 |  15 |  317.2 |
        Temple |     22 |     21 |      1 |      0 |     20 |   1 |   22.0 |
          Lair |   1747 |   1734 |     13 |    141 |    164 |   6 |  291.2 |
     Snake Pit |   2629 |   2582 |     47 |     86 |    913 |   4 |  657.2 |
    Slime Pits |      3 |      3 |      0 |      0 |      0 |   1 |    3.0 |
  Orcish Mines |   1010 |   1003 |      7 |     41 |     36 |   2 |  505.0 |
         Abyss |    237 |    237 |      0 |     28 |      9 |   2 |  118.5 |
     Labyrinth |    968 |    968 |      0 |      6 |      0 |   1 |  968.0 |
               +--------+--------+--------+--------+--------+-----+--------+

Top non-repeatable levels by time:
 Snake:3: 1684 daAuts
 Snake:4: 27 daAuts
Note: time per level data comes from an upgraded game and may be incomplete.
